 Dungeon Crawl Stone Soup version 0.30.0-17-ge0270778cf (webtiles) character file.

Game seed: 4640383446427837076

129 Brutalitops the Stinger (level 4, 0/36 HPs)
             Began as an Armataur Venom Mage on May 23, 2023.
             Slain by a gnoll
             ... wielding a +0 spear
              (10 damage)
             ... on level 3 of the Dungeon.
             The game lasted 00:09:43 (2999 turns).

Brutalitops the Stinger (Armataur Venom Mage)       Turns: 2999, Time: 00:09:43

Health: 0/36       AC:  2    Str: 14    XL:     4   Next: 88%
Magic:  1/7        EV: 18    Int: 17    God:
Gold:   178        SH:  0    Dex: 15    Spells: 2/7 levels left

rFire   . .          .
                       - Unarmed
rCold   . . .        (shield currently unavailable)
rNeg    . . .        a - melded +0 robe
rPois   x            (helmet currently unavailable)
rElec   .            (cloak currently unavailable)
rCorr   +            (gloves currently unavailable)
SInv    .            g - melded +2 barding
Will    .....        (no amulet)
Stlth   ++           h - ring of resist corrosion
HPRegen 0.26/turn    (no ring)
MPRegen 0.10/turn

%: roll
@: spider-form
A: venomous fangs, tiny, rugged brown scales 3, (deformed body), (armoured
tail), roll, long tongue, awkward tongue
a: End Transformation


You were on level 3 of the Dungeon.
You were a venomous arachnid creature.
You visited 1 branch of the dungeon, and saw 3 of its levels.

You collected 178 gold pieces.

Inventory:

Missiles
 e - a throwing net
Armour
 a - a +0 robe (melded)
 g - a +2 barding (melded)
Jewellery
 h - a ring of resist corrosion (left front pincers)
 j - an amulet of faith
Scrolls
 f - a scroll of vulnerability {unknown}
 l - a scroll of noise {unknown}
Potions
 b - a potion of magic
 c - 2 potions of brilliance {unknown}
 d - a potion of flight {unknown}
 i - a potion of ambrosia {unknown}
 k - 2 potions of lignification {unknown}
 m - a potion of might {unknown}
 n - a potion of heal wounds {unknown}


   Skills:
 + Level 0.7 Fighting
 - Level 1.3 Dodging
 - Level 2.1 Stealth
 * Level 2.4 Unarmed Combat
 + Level 2.4 Spellcasting
 * Level 2.5 Transmutations
 - Level 2.6 Poison Magic


You had 2 spell levels left.
You knew the following spells:

 Your Spells              Type           Power      Damage    Failure   Level
a - Sting                 Tmut/Pois      40%        1d5       17%         1
b - Beastly Appendage     Tmut           20%        N/A       19%         1
c - Spider Form           Tmut/Pois      10%        N/A       38%         3

Your spell library contained the following spells:

 Spells                   Type           Power      Damage    Failure   Level
 Wereblood                Tmut           10%        N/A       24%         2
 Poisonous Vapours        Pois/Air       12%        N/A       34%         2
 Mephitic Cloud           Conj/Pois/Air  5%         N/A       58%         3
 Olgreb's Toxic Radiance  Pois           11%        N/A       73%         4


Dungeon Overview and Level Annotations

Branches:
Dungeon (3/15)

Altars:
Gozag


Innate Abilities, Weirdness & Mutations

You are a venomous arachnid creature.
You have venomous fangs.
You are tiny and dextrous.
Your spellcasting is less reliable in this form.
Your armour is entirely melded.
You are incapable of wielding weapons or throwing items.
(You are completely covered in rugged brown scales. (AC +3, +7% HP))
((Armour fits poorly on your strangely shaped body.))
((You have a long armoured tail.))
You roll when moving toward enemies. (Rampage)
Your long tongue fully drains potion bottles. (2x potion effects)
Your tongue gives you trouble enunciating. (1.5x scroll delay)


Message History

You hit the gnoll.
The gnoll looks even sicker.
The gnoll is heavily wounded.
You bite the gnoll!
You kill the gnoll!
The gnoll closely misses you.
You hit the gnoll.
The gnoll is poisoned.
The gnoll is heavily wounded.
Your transformation is almost over.
The gnoll completely misses you.
You barely miss the gnoll.
The gnoll is heavily wounded.
The gnoll hits you from afar with a +0 spear.
The gnoll hits you with a +0 flail.
* * * LOW HITPOINT WARNING * * *
The gnoll attacks as you move away! The gnoll hits you with a +0 flail.
* * * LOW HITPOINT WARNING * * *
The gnoll attacks as you move away! The gnoll misses you.
You hit the gnoll.
You kill the gnoll!
Okay, then.
Your transformation has ended.
Your +2 barding unmelds from your body.
Your +0 robe unmelds from your body.
Casting: Spider Form (quite dangerous; 19% risk of failure)
Confirm with . or Enter, or press ? or * to list all spells.
The spell is quite dangerous to miscast (19% risk of failure)!
Continue anyway?
You turn into a venomous arachnid creature.
Your +2 barding melds into your body.
Your +0 robe melds into your body.
The gnoll closely misses you.
Things that are here:
a +0 short sword; a kobold corpse; a frilled lizard corpse Your transformation is almost over.
Your transformation has ended.
Your +2 barding unmelds from your body.
Your +0 robe unmelds from your body.
Casting: Spider Form (quite dangerous; 19% risk of failure)
Confirm with . or Enter, or press ? or * to list all spells.
The spell is quite dangerous to miscast (19% risk of failure)!
Continue anyway?
You turn into a venomous arachnid creature.
Your +2 barding melds into your body.
Your +0 robe melds into your body.
The gnoll hits you from afar with a +0 spear!
You die...

#.#####.# #.# #.#.###.#
#.# #..#.##.# #.#
#.###...# #.# #..#.##.#
##.## ##
#.#.###.#####...## #.
#.#........#.....########.
#.........................
###....g.s.###.##########.
#.######## #.# #. ###.#
#.# #### #...# #+# #...
#.### #.## #.#### #
#.##.## #..#
#####.#...#### #...
#.....)......+ ....##


You could see a gnoll.

Vanquished Creatures
  3 gnolls (D:3)
  2 adders
  A worm (D:3)
  A dart slug (D:1)
  11 endoplasms
  3 giant cockroaches
  5 goblins
  5 hobgoblins
  7 jackals (D:2)
  3 quokkas
  6 ball pythons
  6 bats
  5 frilled lizards
  7 kobolds
  6 rats
71 creatures vanquished.

Notes
Turn   | Place    | Note
-------+----------+-------------------------------------------
     0 | D:1      | Brutalitops the Armataur Venom Mage began the quest for the
                  | Orb.
     0 | D:1      | Reached XP level 1. HP: 14/14 MP: 3/3
    19 | D:1      | Learned a level 1 spell: Beastly Appendage
    77 | D:1      | Reached skill level 1 in Transmutations
   201 | D:1      | Reached skill level 1 in Unarmed Combat
   201 | D:1      | Reached XP level 2. HP: 21/21 MP: 0/4
   841 | D:1      | Reached XP level 3. HP: 27/27 MP: 2/5
   893 | D:1      | Learned a level 3 spell: Spider Form
  1409 | D:2      | Found an opulent altar of Gozag.
  1721 | D:2      | Reached XP level 4. HP: 34/35 MP: 3/7
  2999 | D:3      | Slain by a gnoll

Illustrated notes

Levels and vault maps discovered:
D:1:      beargit_arrival_greenhouse, layout_basic, nicolae_hexahallways,
          st_stairs_5, minmay_crystal_room, minmay_misc_feat_tiny
D:2:      layout_basic, basic_altar
D:3:      layout_loops_corners

Skill      XL: |  1  2  3 |
---------------+----------+-----
Transmutations | 1 2 |  2.5
Unarmed Combat | 1 2 |  2.4
Spellcasting   | 2 |  2.4
Fighting       | |  0.7
Dodging        | |  1.3
Stealth        | |  2.1
Poison Magic   | |  2.6

Action                     |  1- 3 |  4- 6 || total
---------------------------+-------+-------++-------
  Melee: Unarmed           |   114 |    48 ||   162
         Headbutt          |    13 |     4 ||    17
         Kick              |    19 |     8 ||    27
         Tailslap          |     9 |     2 ||    11
   Cast: Beastly Appendage |    28 |    12 ||    40
         Spider Form       |     6 |     6 ||    12
    Use: Scroll            |       |     1 ||     1
   Stab: Sleeping          |     4 |     2 ||     6
 Armour: Robe              |    29 |    12 ||    41
         Skin              |     3 |       ||     3
  Dodge: Dodged            |    53 |    24 ||    77
